 Dungeon Crawl Stone Soup version 0.32-a0-931-g5a2cda0630 (webtiles) character file.

Game seed: 17904502351143631426

35311 glaedl the Fighter (level 13, -5/216 HPs)
             Began as a Troll Berserker on Apr 13, 2024.
             Was a High Priest of Trog.
             Slain by an orc knight
             ... wielding a +1 battleaxe
              (31 damage)
             ... on level 2 of the Orcish Mines.
             The game lasted 00:26:34 (13260 turns).

glaedl the Fighter (Troll Berserker)               Turns: 13260, Time: 00:26:35

Health: -5/216     AC:  9    Str: 38    XL:     13   Next: 46%
Magic:  0/12       EV:  9    Int:  3    God:    Trog [*****.]
Gold:   1208       SH: 14    Dex:  9    Spells: 12/12 levels left

rFire   . .          .
                       - Unarmed
rCold   . . .        I - +0 tower shield
rNeg    . . .        K - +0 swamp dragon scales
rPois   +            (helmet restricted)
rElec   .            (no cloak)
rCorr   .            (gloves unavailable)
SInv    .            (boots unavailable)
Will    .....        F - amulet of guardian spirit Stlth
                     m - ring of flight
HPRegen 1.36/turn    D - +6 ring of strength
MPRegen 0.13/turn

%: guardian spirit
@: berserking (expiring), flying, very quick
A: large, unfitting armour, claws 3, regeneration 1, shaggy fur 1, tough skin 1
a: Renounce Religion, Berserk, Trog's Hand, Brothers in Arms


You were on level 2 of the Orcish Mines.
You worshipped Trog.
Trog was extremely pleased with you.
You visited 3 branches of the dungeon, and saw 17 of its levels.

You collected 1455 gold pieces.
You spent 247 gold pieces at shops.

Inventory:

Missiles
 M - 5 large rocks (quivered)
Armour
 u - a +2 robe of willpower
 y - +0 steam dragon scales
 I - a +0 tower shield (worn)
 K - +0 swamp dragon scales (worn)
Jewellery
 f - a ring of ice
 j - a ring of positive energy
 m - a ring of flight (left claw)
 o - a +6 ring of dexterity
 v - an amulet of the acrobat
 B - a +5 ring of evasion
 D - a +6 ring of strength (right claw)
 F - an amulet of guardian spirit (around neck)
Wands
 g - a wand of flame (25)
 n - a wand of warping (7)
 p - a wand of paralysis (13)
 A - a wand of polymorph (17)
 C - a wand of acid (6)
Scrolls
 a - 4 scrolls of blinking {unknown}
 b - 3 scrolls of fog
 c - 4 scrolls of teleportation
 k - a scroll of poison {unknown}
 q - a scroll of acquirement {unknown}
 t - 5 scrolls of immolation
 x - 3 scrolls of brand weapon
 E - 2 scrolls of noise {unknown}
 H - a scroll of amnesia {unknown}
 L - a scroll of revelation
 N - a scroll of vulnerability {unknown}
Potions
 d - 6 potions of curing
 e - a potion of ambrosia {unknown}
 h - a potion of degeneration {unknown}
 i - 3 potions of mutation
 l - 3 potions of magic
 r - 2 potions of resistance
 s - 2 potions of berserk rage
 w - 2 potions of invisibility {unknown}
 z - a potion of might {unknown}
 G - a potion of cancellation {unknown}
 J - a potion of haste {unknown}
Miscellaneous
 O - a lightning rod (4/4)


   Skills:
 * Level 13.0 Fighting
 + Level 9.5 Dodging
 + Level 8.8 Shields
 + Level 11.3 Unarmed Combat


You had 12 spell levels left.
You didn't know any spells.
Your spell library was empty.

Dungeon Overview and Level Annotations

Branches:
Dungeon (11/15)            Temple (0/1) D:5            Lair (4/5) D:11
  Swamp (0/4) Lair:2       Spider (0/4) Lair:3          Orc (2/2) D:9
    Elf (0/3) Orc:2
  Slime: Lair:4-5

Altars:
Cheibriados
Elyvilon
Fedhas
Nemelex Xobeh
Qazlal
Ru
Uskayaw
Wu Jian
Yredelemnul
The Shining One

Shops:
D:5 :*[[*   D:10 [   Orc:1 :   Orc:2 [

Annotations:
D:11 1 runed translucent door, Omnomein's ghost, journeyman DjCj


Innate Abilities, Weirdness & Mutations

You are too large for most types of armour.
You have claws for hands.
Your natural rate of healing is unusually fast.
You are covered in fur. (AC +1)
You have tough skin. (AC +1)


Message History

The orc knight hits you with a +1 battleaxe!
The orc warrior closely misses you.
You mangle the orc knight!!
The orc knight is moderately wounded.
You rip and tear the barbed spikes from your body.
You block the orc warrior's attack.
You mangle the orc knight!!
The orc knight is severely wounded.
The orc knight hits you with a +1 battleaxe!!
You block the orc knight's attack. You block the orc warrior's attack.
The orc warrior barely misses you.
You claw the orc knight!
The orc knight is severely wounded.
You block the orc warrior's attack.
The orc knight roars a battlecry!
You block the orc knight's attack. You block the orc warrior's attack.
The orc warrior barely misses you.
An orc sorcerer comes into view. It is wielding a +0 dagger.
The orc warlord hits you from afar with a +1 glaive of protection!
You mangle the orc knight!!
You kill the orc knight!
Trog accepts your kill.
The orc warrior hits you from afar with a +0 halberd!!
* * * LOW HITPOINT WARNING * * *
Unknown command.
You eviscerate the orc knight!!!
The orc knight is severely wounded.
You hear a shout! x2
The orc knight closely misses you. You block the orc warrior's attack.
The orc warrior hits you with a +0 short sword!
* * * LOW HITPOINT WARNING * * *
The orc priest calls upon Beogh to heal the orc knight.
The orc knight is healed somewhat.
The orc warlord hits you from afar with a +1 glaive of protection.
* * * LOW HITPOINT WARNING * * *
You closely miss the orc knight.
The orc knight is heavily wounded.
The orc warrior throws a boomerang.
You block the boomerang.
The orc knight hits you with a +1 battleaxe!!
You die...

#'# #.....#..#.#∩........I.......
#o# #.....#....#∩II..........I.#.
#'###.....##...##I...##...#....#.
..o.##....#.#.........#.##..I....
....# #.....##...............#...
.#..####..#......#I..........#...
.#...#3#..........#..........#...
.#..)).o.....ooo)..#....I.#...#..
#########......#@...###.###....#.
..# #..#.#oo))##.........#... .∩#
#......o...##.....#...... ..#
##.#...#..............#.. ###
########.#.....##.#.####
##############


You could see an orc warlord (strong), an orc knight (strong), 3 orc warriors
and an orc priest (strong).

Vanquished Creatures
  An orc warlord (Orc:1)
  Fannar (D:10)
  A catoblepas (Lair:1)
  A two-headed ogre (D:9)
  A swamp dragon (Lair:2)
  5 orc knights (Orc:2)
  Pikel (D:5)
  3 orc sorcerers (Orc:2)
  4 elephants (Lair:1)
  A manticore (D:11)
  2 kobold blastminers
  2 black mambas
  Jeremiah (D:7)
  A gargoyle (D:11)
  5 cane toads
  2 rime drakes
  2 kobold demonologists
  4 komodo dragons
  5 blink frogs
  2 polar bears (Lair:3)
  3 trolls
  12 saltlings (Orc:2)
  A hornet (Lair:2)
  Sigmund (D:3)
  9 dream sheep (Lair:3)
  4 wyverns
  A shadow (D:11)
  2 wraiths
  A basilisk (Lair:4)
  A warg (Orc:2)
  14 yaks
  3 steam dragons
  2 redbacks (Lair:3)
  10 vampire mosquitoes
  Edmund (D:5)
  An acid dragon (D:10)
  10 water moccasins
  Duvessa (D:5)
  A swamp drake (Lair:2)
  5 sky beasts
  2 black bears
  17 orc warriors
  2 ice beasts (D:6)
  5 ogres
  7 centaurs
  20 wolves
  2 lemures (D:5)
  A phantom (D:6)
  3 kobold brigands
  10 bullfrogs
  A gnoll sergeant (D:8)
  A scorpion (D:5)
  Dowan (D:5)
  6 killer bees (D:9)
  4 electric eels (D:9)
  A bombardier beetle (D:6)
  6 crimson imps (D:6)
  2 jellies (D:5)
  A gnoll bouda (D:9)
  5 hounds
  11 orc priests
  2 iguanas
  Crazy Yiuf (D:3)
  22 orc wizards
  A sleepcap (D:6)
  10 gnolls
  5 adders
  A shadow imp (D:6)
  3 white imps
  2 ufetubi (D:6)
  6 dart slugs
  A ribbon worm (D:3)
  56 orcs
  5 endoplasms
  A giant cockroach (D:2)
  3 goblins
  6 hobgoblins
  5 jackals
  19 kobolds
  4 quokkas
  7 ball pythons
  8 bats
  8 frilled lizards
  7 rats
419 creatures vanquished.

Vanquished Creatures (others)
  Maurice (D:7)
  An orc wizard (Orc:1)
2 creatures vanquished.

Grand Total: 421 creatures vanquished

Notes
Turn   | Place    | Note
-------+----------+-------------------------------------------
     0 | D:1      | glaedl the Troll Berserker began the quest for the Orb.
     0 | D:1      | Reached XP level 1. HP: 22/22 MP: 0/0
    96 | D:1      | Reached XP level 2. HP: 29/29 MP: 1/1
   740 | D:2      | Reached skill level 3 in Fighting
   804 | D:2      | Reached XP level 3. HP: 37/37 MP: 2/2
   874 | D:2      | Reached ** piety under Trog
  1045 | D:2      | Reached XP level 4. HP: 44/45 MP: 3/3
  1096 | D:2      | Found a snail-covered altar of Cheibriados.
  1594 | D:3      | Found a runed translucent door.
  1595 | D:3      | Noticed Crazy Yiuf
  1691 | D:3      | Noticed Sigmund
  1705 | D:3      | Killed Sigmund
  1706 | D:3      | Reached skill level 4 in Fighting
  1706 | D:3      | Reached XP level 5. HP: 42/55 MP: 4/4
  1706 | D:3      | Reached XP level 6. HP: 48/63 MP: 5/5
  1966 | D:3      | Killed Crazy Yiuf
  2284 | D:4      | Reached *** piety under Trog
  2328 | D:4      | Found an ornate altar of the Wu Jian Council.
  2475 | D:5      | Entered Level 5 of the Dungeon
  2492 | D:5      | Found Buh Wech's Book Shop.
  2493 | D:5      | Noticed Duvessa
  2493 | D:5      | Noticed Dowan
  2502 | D:5      | Killed Duvessa
  2503 | D:5      | Reached skill level 5 in Fighting
  2503 | D:5      | Reached XP level 7. HP: 72/72 MP: 6/6
  2504 | D:5      | Killed Dowan
  2522 | D:5      | Noticed Pikel
  2557 | D:5      | Killed Pikel
  2558 | D:5      | Reached skill level 6 in Fighting
  2558 | D:5      | Reached skill level 5 in Unarmed Combat
  2558 | D:5      | Reached XP level 8. HP: 83/83 MP: 7/7
  2581 | D:5      | Found a staircase to the Ecumenical Temple.
  2591 | D:5      | Found Ubeudesy's General Store.
  2698 | D:5      | Found Digyum's Antique Armour Shop.
  2710 | D:5      | Bought a runed robe for 103 gold pieces
  2730 | D:5      | Identified the scarf "Fyaruiceer" {+Inv, Str+3 Dex+5}
  2806 | D:5      | Found Riskead's Assorted Antiques.
  2957 | D:5      | Found Bivaoqy Vidi's Antique Armour Emporium.
  3032 | D:5      | Bought a kite shield for 144 gold pieces
  3197 | D:5      | Noticed Edmund
  3216 | D:5      | Killed Edmund
  3258 | D:5      | Reached skill level 1 in Shields
  3276 | D:5      | Found a sacrificial altar of Ru.
  3575 | D:6      | Found a white marble altar of Elyvilon.
  3669 | D:6      | Reached skill level 5 in Dodging
  3742 | D:6      | Reached skill level 7 in Fighting
  3890 | D:6      | Reached XP level 9. HP: 85/93 MP: 8/8
  4044 | D:6      | Found a glowing golden altar of the Shining One.
  4218 | D:6      | Found a basalt altar of Yredelemnul.
  4360 | D:7      | Noticed Maurice
  4371 | D:7      | Killed Maurice
  4374 | D:7      | Reached skill level 8 in Fighting
  4436 | D:7      | Found a hide-covered altar of Uskayaw.
  4495 | D:7      | Identified the +6 trident of Hepliaklqana's Grace {venom,
                  | rF+ Str+5 Dex+2}
  4961 | D:7      | Noticed Jeremiah
  5020 | D:7      | Killed Jeremiah
  5576 | D:8      | Found a stormy altar of Qazlal.
  5714 | D:8      | Reached XP level 10. HP: 105/106 MP: 9/9
  5725 | D:8      | Reached **** piety under Trog
  5852 | D:8      | Found a sparkling altar of Nemelex Xobeh.
  6250 | D:9      | Reached skill level 9 in Fighting
  6542 | D:9      | Noticed a two-headed ogre
  6550 | D:9      | Killed a two-headed ogre
  6551 | D:9      | Reached skill level 5 in Shields
  6812 | D:9      | Found a blossoming altar of Fedhas.
  7080 | D:9      | Found a staircase to the Orcish Mines.
  7156 | D:9      | Reached ***** piety under Trog
  7268 | D:10     | Entered Level 10 of the Dungeon
  7273 | D:10     | Found Juegoro's Antique Armour Shoppe.
  7349 | D:10     | Noticed Fannar
  7358 | D:10     | Killed Fannar
  7359 | D:10     | Reached XP level 11. HP: 117/117 MP: 8/10
  7639 | D:10     | Reached skill level 10 in Fighting
  8331 | D:11     | HP: 2/118 [komodo dragon (22)]
  8352 | D:11     | HP: 7/178 [troll (8)]
  8946 | D:11     | Found a runed translucent door.
  8946 | D:11     | Noticed Omnomein's ghost (journeyman DjCj)
  8987 | D:11     | Found a staircase to the Lair.
  9058 | Lair:1   | Entered Level 1 of the Lair of Beasts
  9257 | Lair:1   | Identified the +1 quarterstaff "Xyocloo" {flame, rPois
                  | Int+3}
  9282 | Lair:1   | Found a snail-covered altar of Cheibriados.
  9462 | Lair:1   | Reached skill level 11 in Fighting
  9673 | Lair:1   | Noticed a catoblepas
  9684 | Lair:1   | Killed a catoblepas
  9685 | Lair:1   | Reached XP level 12. HP: 130/130 MP: 8/11
 10217 | Lair:2   | Reached skill level 10 in Unarmed Combat
 10291 | Lair:2   | Found a staircase to the Swamp.
 11105 | Lair:3   | Reached skill level 12 in Fighting
 11112 | Lair:3   | Found a hole to the Spider Nest.
 11516 | Lair:4   | Received a gift from Trog
 11605 | Lair:4   | Noticed a seven-headed hydra
 11980 | Orc:1    | Entered Level 1 of the Orcish Mines
 12009 | Orc:2    | Entered Level 2 of the Orcish Mines
 12020 | D:9      | Reached XP level 13. HP: 34/141 MP: 4/12
 12229 | Orc:1    | Found Ozyffez's Vocational Training.
 12253 | Orc:1    | Noticed an orc warlord
 12285 | Orc:1    | Killed an orc warlord
 12605 | Orc:2    | Found a staircase to the Elven Halls.
 13128 | Orc:2    | Reached skill level 13 in Fighting
 13198 | Orc:2    | Found Taumifatto's Armour Boutique.
 13217 | Orc:2    | Noticed an orc warlord
 13260 | Orc:2    | Slain by an orc knight

Illustrated notes

Levels and vault maps discovered:
D:1:      minmay_arrival_loop, layout_loops_ring
D:2:      layout_loops_ring, basic_altar
D:3:      layout_basic, hangedman_decor_growths, uniq_crazy_yiuf_cottage,
          uniq_sigmund
D:4:      layout_cave_pools, kennysheep_little_box
D:5:      layout_basic, nicolae_ru_the_path_less_chosen, temple_green,
          serial_shops, nicolae_shop_crystal, nicolae_shop_trees, shop,
          nicolae_inconvenience_store, nicolae_diamond_shop, uniq_edmund,
          uniq_pikel, uniq_duvessa
D:6:      layout_loops_ring, amcnicky_altar_gilded,
          nicolae_tso_swordbearing_angel, nicolae_overflow_hidden_temple,
          minmay_nine_imps
D:7:      layout_basic, nicolae_uskayaw_dance_hall, uniq_jeremiah, uniq_maurice
D:8:      layout_basic, nemelex_altar_shiori, mainiacjoe_overflow_boulevard
D:9:      layout_rooms, marbit_many_paths, erik_orc_2, serial_bayou_lagoon_a,
          hangedman_abyss_or_decor_passed, minmay_door_square, fungi_pond_lemuel
D:10:     layout_gridville, serial_shops, shop_fountains, uniq_fannar
D:11:     nicolae_cairo_tiling, layout_loops_ring, ebering_ghost_inner_flame
Lair:1:   layout_chaotic_city, basic_altar, grunt_megastairs_2
Lair:2:   layout_concentric_octagons, mainiacjoe_swamp_entry_lozenge_pond, pond
Lair:3:   layout_roguey, spider_nest_entry_funnel_web
Lair:4:   layout_loops_ring, slime_entry_1, eino_house_with_fridge,
          grunt_megastairs_5
Orc:1:    layout_caves, nicolae_shop_vocational
Orc:2:    hellmonk_orc_salted, layout_diamond_mine, abandoned_shop

Skill      XL: |  1  2  3  4  5  6  7  8  9 10 11 12 13 |
---------------+----------------------------------------+-----
Fighting       | 3 4 5 6 7 8 9 11 12 13 | 13.0
Dodging        | 3 4 5 6 7 8 9 |  9.5
Unarmed Combat | 4 5 6 7 8 9 10 11 | 11.3
Shields        | 2 4 5 6 8 |  8.8

Action                     |  1- 3 |  4- 6 |  7- 9 | 10-12 | 13-15 || total
---------------------------+-------+-------+-------+-------+-------++-------
  Melee: Unarmed           |   103 |   117 |   228 |   660 |   183 ||  1291
         Punch             |     1 |     3 |       |       |       ||     4
 Invoke: Berserk           |     1 |     4 |     5 |    17 |     4 ||    31
         Trog's Hand       |       |       |       |     3 |       ||     3
    Use: Scroll            |       |       |     7 |     5 |       ||    12
         Potion            |       |       |       |     6 |       ||     6
   Stab: Sleeping          |     2 |       |       |       |       ||     2
 Armour: Animal skin       |    57 |    98 |    12 |       |       ||   167
         Robe              |       |       |    94 |       |       ||    94
         Steam dragon scal |       |       |    38 |   377 |       ||   415
         Swamp dragon scal |       |       |       |   105 |    89 ||   194
  Dodge: Dodged            |    39 |    55 |    79 |   262 |    42 ||   477
  Block: Kite shield       |       |       |    57 |   168 |       ||   225
         Tower shield      |       |       |       |   314 |   126 ||   440

Table legend: (Time is in decaauts)
 A = Elapsed time spent in this place.
 B = Non-inter-level travel time spent in this place.
 C = Inter-level travel time spent in this place.
 D = Time resting spent in this place.
 E = Time spent auto-exploring this place.
 F = Levels seen in this place.
 G = Mean time per level.
                   A        B        C        D        E       F      G
               +--------+--------+--------+--------+--------+-----+--------+
         Total |  13411 |  12695 |    716 |    733 |   9489 |  17 |  788.9 |
       Dungeon |   9616 |   9042 |    574 |    593 |   6869 |  11 |  874.2 |
          Lair |   2704 |   2573 |    131 |     18 |   1959 |   4 |  676.0 |
  Orcish Mines |   1090 |   1079 |     11 |    121 |    661 |   2 |  545.0 |
               +--------+--------+--------+--------+--------+-----+--------+

Top non-repeatable levels by time:
     D:9: 1283 daAuts
     D:7: 1147 daAuts
     D:5: 1119 daAuts
    D:11: 1045 daAuts
  Lair:2: 905 daAuts
    D:10: 875 daAuts
  Lair:1: 854 daAuts
     D:8: 849 daAuts
  Lair:3: 812 daAuts
     D:6: 806 daAuts
   Orc:2: 728 daAuts
     D:1: 723 daAuts
     D:3: 697 daAuts
     D:2: 610 daAuts
     D:4: 458 daAuts
